 Dungeon Crawl Stone Soup version 0.29-a0-872-g797fff5ad1 (webtiles) character file.

Game seed: 5670004170367369240

260 ZappyNine the Insei (level 6, -13/47 HPs)
             Began as a Barachi Transmuter on July 18, 2022.
             Killed from afar by a white imp (14 damage)
             ... with a puff of frost
             ... on level 4 of the Dungeon.
             The game lasted 00:05:09 (5130 turns).

ZappyNine the Insei (Barachi Transmuter)            Turns: 5130, Time: 00:05:10

Health: -13/47     AC:  2    Str: 13    XL:     6   Next: 17%
Magic:  7/10       EV: 20    Int: 13    God:
Gold:   270        SH:  0    Dex: 24    Spells: 5/11 levels left

rFire   . . .      SeeInvis .     - Unarmed
rCold   . . .      Faith    .   (shield currently unavailable)
rNeg    . . .      Spirit   .   (body armour currently unavailable)
rPois   x          Reflect  .   (helmet currently unavailable)
rElec   .          Harm     .   (cloak currently unavailable)
rCorr   .          Rampage  .   (gloves currently unavailable)
Will    .....                   (boots currently unavailable)
Stlth   ++........              c - amulet of the acrobat
HPRegen 0.15/turn               n - +6 ring of dexterity
MPRegen 0.12/turn               (no ring)

@: spider-form (expiring), wereblooded
A: venomous fangs, (amphibious), tiny, (slowness 1), (strong legs 1), +LOS
a: End Transformation


You were on level 4 of the Dungeon.
You were a venomous arachnid creature.
You visited 1 branch of the dungeon, and saw 5 of its levels.

You collected 270 gold pieces.

Inventory:

Missiles
 u - a throwing net
Armour
 a - a +0 robe (melded)
Jewellery
 c - an amulet of the acrobat (around neck)
 n - a +6 ring of dexterity (left front leg)
 r - a ring of ice
Wands
 s - a wand of paralysis (7)
Scrolls
 d - 8 scrolls of identify {unknown}
 e - 2 scrolls of teleportation {unknown}
 f - a scroll of blinking {unknown}
 g - a scroll of magic mapping {unknown}
 h - 3 scrolls of torment {unknown}
 l - 3 scrolls of brand weapon {unknown}
 m - a scroll of summoning {unknown}
 p - a scroll of fog {unknown}
 t - a scroll of fear {unknown}
Potions
 b - 2 potions of lignification
 i - a potion of cancellation {unknown}
 j - 4 potions of curing {unknown}
 k - 2 potions of flight {unknown}
 o - 3 potions of heal wounds {unknown}
 q - 3 potions of brilliance {unknown}
 v - a potion of ambrosia {unknown}


   Skills:
 + Level 3.3 Fighting
 + Level 2.4 Dodging
 + Level 4.3 Unarmed Combat
 - Level 3.0 Spellcasting
 - Level 3.6 Transmutations
 - Level 2.8 Poison Magic


You had 5 spell levels left.
You knew the following spells:

 Your Spells              Type           Power      Damage    Failure   Level
a - Beastly Appendage     Tmut           22%        N/A       14%         1
b - Wereblood             Tmut           11%        N/A       21%         2
c - Spider Form           Tmut/Pois      10%        N/A       38%         3

Your spell library contained the following spells:

 Spells                   Type           Power      Damage    Failure   Level
 Call Canine Familiar     Summ           1%         N/A       77%         3
 Portal Projectile        Hex/Tloc       2%         N/A       77%         3
 Ice Form                 Ice/Tmut       6%         N/A       87%         4
 Blade Hands              Tmut           5%         N/A       92%         5
 Animate Armour           Summ/Erth      2%         N/A       98%         4
 Leda's Liquefaction      Hex/Erth       0%         N/A       98%         4
 Iron Shot                Conj/Erth      0%         9d1       100%        6


Dungeon Overview and Level Annotations

Branches:
Dungeon (5/15)
 Temple: D:4-7

Altars:
Yredelemnul

Shops:
D:4 **


Innate Abilities, Weirdness & Mutations

You are a venomous arachnid creature.
You have poisonous fangs.
You are tiny and dextrous.
Your spellcasting is less reliable in this form.
Your armour is entirely melded.
You are incapable of wielding weapons or throwing items.
((You are amphibious.))
((You cover ground slowly.))
((You can hop short distances.))
You have an extended range of vision and can be seen from far away.


Message History

Unknown command.
You bite the gnoll!
The gnoll looks as sick as possible!
The gnoll is almost dead.
You feel a bit better.
You kill the gnoll!
The gnoll misses you. The white imp completely misses you.
The white imp gestures at you. The puff of frost hits you!
* * * LOW HITPOINT WARNING * * *
The gnoll misses you.
Things that are here:
a +0 club; a scroll labelled ZUWODGH HIJAGIM Your transformation is almost over.
The gnoll completely misses you. The white imp gestures at you.
The puff of frost misses you.
There is a stone staircase leading up here.
The white imp picks up a beetle and eats it.
The white imp barely misses you. The gnoll completely misses you.
You climb upwards.
There is a stone staircase leading down here.
You hit the white imp.
The white imp is moderately wounded.
You hiss as the wereblood boils in your veins!
The white imp hits you.
* * * LOW HITPOINT WARNING * * *
The white imp freezes you.
* * * LOW HITPOINT WARNING * * *
You hit the white imp.
The white imp is poisoned.
The white imp is almost dead.
The white imp hits you.
* * * LOW HITPOINT WARNING * * *
The white imp freezes you.
* * * LOW HITPOINT WARNING * * *
You hit the white imp but do no damage.
The white imp is almost dead.
You hiss as the wereblood boils in your veins!
The white imp gestures at you. The puff of frost hits you!
You die...

#### #######..####
#...##....#.#####
#.....<.###..##.##
#...............5#
#.....).....#...s#
#......[....#...######
##..#...........##...####
#######.........##.8.8.8##
..#.##.........###..⌠.⌠..#
...............# #.8.∩.8.#
..............####..⌠.⌠..#
...............#...8.8.8.########
###......)..........##.>.........


You could see a white imp (poisoned).

Vanquished Creatures
  A howler monkey (D:5)
  A gnoll bouda (D:4)
  8 gnolls
  4 adders
  An ufetubus (D:5)
  A dart slug (D:1)
  An orc (D:4)
  8 bats
  8 endoplasms
  3 giant cockroaches
  5 goblins
  7 hobgoblins
  3 jackals (D:1)
  4 kobolds
  5 quokkas
  8 ball pythons
  2 frilled lizards (D:1)
  5 rats
75 creatures vanquished.

Vanquished Creatures (others)
  3 fungi (D:3)
  2 plants (D:3)
5 creatures vanquished.

Grand Total: 80 creatures vanquished

Notes
Turn   | Place    | Note
-------+----------+-------------------------------------------
     0 | D:1      | ZappyNine the Barachi Transmuter began the quest for the
                  | Orb.
     0 | D:1      | Reached XP level 1. HP: 15/15 MP: 3/3
   244 | D:1      | Reached XP level 2. HP: 20/22 MP: 3/5
   296 | D:1      | Learned a level 2 spell: Wereblood
  1233 | D:1      | Reached XP level 3. HP: 23/27 MP: 4/6
  1396 | D:1      | Learned a level 3 spell: Spider Form
  1820 | D:2      | You fall into a shaft and drop 2 floors!
  1838 | D:4      | Found Wogiwnewn's Neck Hole.
  2225 | D:3      | Found a basalt altar of Yredelemnul.
  2525 | D:2      | Reached skill level 4 in Unarmed Combat
  2685 | D:3      | Reached skill level 1 in Poison Magic
  2688 | D:3      | Reached XP level 4. HP: 28/34 MP: 5/7
  2755 | D:3      | HP: 1/34 [poisoned by an adder]
  3358 | D:3      | Found a faded altar of an unknown god.
  3996 | D:4      | Reached XP level 5. HP: 24/41 MP: 8/8
  4567 | D:4      | Found Cafeatah's General Store.
  4931 | D:5      | Entered Level 5 of the Dungeon
  4943 | D:5      | Reached XP level 6. HP: 43/47 MP: 10/10
  5129 | D:4      | HP: 1/47 [white imp (2)]
  5130 | D:4      | Killed from afar by a white imp

Illustrated notes

Levels and vault maps discovered:
D:1:      wander_arrival_desolate, layout_basic, nicolae_figureground_sparkle
D:2:      layout_basic
D:3:      layout_loops_corners, overflow_temple_1_default,
          shapermc_ecumenical_altar_acropolis, minmay_starry_boxes
D:4:      nicolae_cairo_tiling_large_dashed, layout_cave_pools, serial_shops,
          nicolae_shop_temple_entry_statues_fountains,
          nicolae_shop_sticking_my_neck_out
D:5:      layout_cave_pools, mainiacjoe_overflow_alcove_2,
          minmay_temple_entry_fiery, minmay_divided_ellipse

Skill      XL: |  1  2  3  4  5 |
---------------+----------------+-----
Fighting       | 2 3 |  3.3
Unarmed Combat | 4 |  4.3
Poison Magic   | 1 2 |  2.8
Transmutations | 3 |  3.6
Spellcasting   | 3 |  3.0
Dodging        | |  2.4

Action                   |  1- 3 |  4- 6 || total
-------------------------+-------+-------++-------
Melee: Unarmed           |   114 |   129 ||   243
       Headbutt          |     9 |     7 ||    16
       Kick              |    12 |    21 ||    33
       Punch             |       |     3 ||     3
 Cast: Beastly Appendage |    15 |    13 ||    28
       Spider Form       |       |     4 ||     4
       Wereblood         |       |     3 ||     3
 Abil: Hop               |       |     2 ||     2
 Stab: Sleeping          |     1 |     3 ||     4
Armor: Robe              |    25 |    11 ||    36
       Skin              |       |     1 ||     1
Dodge: Dodged            |    93 |   108 ||   201

Table legend: (Time is in decaauts)
 A = Elapsed time spent in this place.
 B = Non-inter-level travel time spent in this place.
 C = Inter-level travel time spent in this place.
 D = Time resting spent in this place.
 E = Time spent auto-exploring this place.
 F = Levels seen in this place.
 G = Mean time per level.
                   A        B        C        D        E       F      G
               +--------+--------+--------+--------+--------+-----+--------+
         Total |   5614 |   5470 |    144 |   1499 |   3205 |   5 | 1122.8 |
       Dungeon |   5614 |   5470 |    144 |   1499 |   3205 |   5 | 1122.8 |
               +--------+--------+--------+--------+--------+-----+--------+

Top non-repeatable levels by time:
     D:1: 1766 daAuts
     D:4: 1509 daAuts
     D:3: 1327 daAuts
     D:2: 974 daAuts
     D:5: 38 daAuts
